[Event "*** MasterClass Titled Tuesday Blitz"]
[Site "Chess.com"]
[Date "2017.12.12"]
[Round "6"]
[White "NewBornNow"]
[Black "kleinebeer98"]
[Result "0-1"]
[WhiteElo "2578"]
[BlackElo "2517"]
[TimeControl "180+2"]
[EndTime "14:23:45 PST"]
[Termination "kleinebeer98 won on time"]

1. e4 e5 2. Nf3 Nc6 3. Bb5 f5 4. d3 fxe4 5. dxe4 Nf6 6. Qd3 d6 7. Bg5 h6 8. Bh4 Bg4 9. Nc3 a6 10. Bxc6+ bxc6 11. Nd2 Be7 12. O-O O-O 13. Qc4+ Kh8 14.
Qxc6 Rb8 15. b3 Rb4 16. Nc4 Qc8 17. Bxf6 Bd7 18. Qd5 Rxf6 19. Qd2 Bc6 20. Nd5 Bxd5 21. exd5 Rb8 22. f3 Rg6 23. Rae1 Bg5 24. Qd3 Rf6 25. g3 Qh3 26. Re2 Rbf8 27. Rg2 h5 28. Qe2 h4 29.
Nb2 Qf5 30. Nd3 e4 31. Nf4 Bxf4 32. fxe4 Be3+ 0-1

[Event "*** MasterClass Titled Tuesday Blitz"]
[Site "Chess.com"]
[Date "2017.12.12"]
[Round "6"]
[White "AquivaRubinstein"]
[Black "1stSecond"]
[Result "0-1"]
[WhiteElo "2278"]
[BlackElo "2473"]
[TimeControl "180+2"]
[EndTime "14:23:49 PST"]
[Termination "1stSecond won by resignation"]

1. e4 e5 2. Nf3 Nc6 3. Bb5 a6 4. Ba4 Nf6 5. O-O Nxe4 6. d4 b5 7. Bb3 d5 8. Nc3 Nxc3 9. bxc3 e4 10. Ng5 Ne7 11. Qh5 g6 12. Qe2 h6 13. Nh3 Bxh3 14.
gxh3 Bg7 15. f3 exf3 16. Qxf3 O-O 17. Ba3 c6 18. Rae1 Ra7 19. Bc5 Rd7 20. Re2 Nf5 21.
Bxf8 Bxf8 22. Re5 Qg5+ 23. Kh1 Bd6 24. Rxf5 Qxf5 25. Qxf5 gxf5 26. Rxf5 Kg7 27. Kg2 Re7 28. a4 Kg6 29. Rf3 Re2+ 30. Rf2 Rxf2+ 31. Kxf2 Kf5 32. Kf3 Bxh2 33. axb5 axb5 34. Ba2 Ke6 35. Bb3 f5 36.
Ba2 Bc7 37. Ke3 Ba5 38. Kd3 Kf6 39. Bb1 Kg5 40. Ke3 f4+ 41. Kf3 Bxc3 0-1

[Event "*** MasterClass Titled Tuesday Blitz"]
[Site "Chess.com"]
[Date "2017.12.12"]
[Round "6"]
[White "GrigorGrigorov"]
[Black "GeorgMeier"]
[Result "1-0"]
[WhiteElo "2600"]
[BlackElo "2774"]
[TimeControl "180+2"]
[EndTime "14:24:01 PST"]
[Termination "GrigorGrigorov won on time"]

1. d4 e6 2. c4 Nf6 3. Nc3 d5 4. cxd5 exd5 5. Bg5 c6 6. e3 h6 7. Bh4 Bf5 8. Qf3 Bg6 9. Bxf6 Qxf6 10. Qxf6 gxf6 11.
Nge2 Nd7 12. Nf4 Bd6 13. f3 O-O-O 14. Kf2 Rde8 15. Rc1 Kd8 16. a3 Re7 17. Nxg6 fxg6 18. Bd3 f5 19. g3 a5 20. Rhe1 Rf8 21. Rb1 Nf6 22. Kg2 Kc7 23. Re2 Kd7 24. Rbe1 Rfe8 25. h3 h5 26. e4 fxe4 27. fxe4 dxe4 28. Bxe4 Nxe4 29. Nxe4 Kc7 30. h4 Re6 31. Kf3 Rf8+ 32. Kg2 Rfe8 33. Kf3 Rf8+ 34. Kg2 1-0

[Event "*** MasterClass Titled Tuesday Blitz"]
[Site "Chess.com"]
[Date "2017.12.12"]
[Round "6"]
[White "oogee"]
[Black "chesstatour"]
[Result "1-0"]
[WhiteElo "2154"]
[BlackElo "1984"]
[TimeControl "180+2"]
[EndTime "14:24:03 PST"]
[Termination "oogee won by resignation"]

1. d4 f5 2. g3 Nf6 3. Bg2 g6 4. Nf3 Bg7 5. O-O O-O 6. b3 d6 7. Bb2 c6 8. c4 Na6 9. Nc3 Bd7 10. Rc1 Rb8 11. a3 Qe8 12. b4 e5 13. b5 Nc7 14.
dxe5 dxe5 15. Qd6 e4 16. Qxc7 exf3 17. Bxf3 cxb5 18. cxb5 Bxb5 19. Bxb7 Rf7 20. Nxb5 Rxc7 21. Nxc7 Qxe2 22. Bxf6 Bxf6 23. Bd5+ Kg7 24. Ne6+ Kh6 25. Rc4 g5 26. Rc6 Rb6 27. Rfc1 Qd2 28. Nc7 Kg7 29. Ne8+ Kf8 30. Nxf6 Rxc6 31. Rxc6 Ke7 32. Re6+ Kd8 33. Rd6+ Kc7 34. Ne8+ Kc8 35. Be6+ Kb7 36. Rxd2 1-0

[Event "*** MasterClass Titled Tuesday Blitz"]
[Site "Chess.com"]
[Date "2017.12.12"]
[Round "6"]
[White "NateSolon"]
[Black "TheBigBoss04"]
[Result "1-0"]
[WhiteElo "2367"]
[BlackElo "2479"]
[TimeControl "180+2"]
[EndTime "14:24:07 PST"]
[Termination "NateSolon won on time"]

1. e4 g6 2. d4 Bg7 3. Nc3 d6 4. f4 Nc6 5. Nf3 Bg4 6. Be3 e5 7.
fxe5 dxe5 8. d5 Nd4 9. Be2 Bxf3 10. Bxf3 Ne7 11. Qd2 c6 12. dxc6 bxc6 13. O-O O-O 14. Be2 Rb8 15. b3 f5 16. Bc4+ Kh8 17.
exf5 gxf5 18. Bg5 Qc7 19. Kh1 Rbd8 20. Qf2 e4 21. Rad1 Rd7 22. Ne2 Nxc2 23. Rxd7 Qxd7 24. Ng3 Nd4 25. Nh5 Be5 26. Bh6 Rd8 27. Qg3 Ng6 28.
Qg5 Qe7 29. Qc1 c5 30. Bg5 Qd7 31. Bxd8 Qxd8 32. Qh6 Qf8 33. Qxf8+ Nxf8 34. g4 e3 35. gxf5 Nd7 36. Re1 Nc2 37. Re2 Nb4 38. Rxe3 Nxa2 39. Bb5 1-0

[Event "*** MasterClass Titled Tuesday Blitz"]
[Site "Chess.com"]
[Date "2017.12.12"]
[Round "6"]
[White "Angry_Serb"]
[Black "gmcorrales"]
[Result "0-1"]
[WhiteElo "2449"]
[BlackElo "2620"]
[TimeControl "180+2"]
[EndTime "14:24:16 PST"]
[Termination "gmcorrales won by resignation"]

1. Nf3 g6 2. b3 Bg7 3. d4 c5 4. e3 b6 5. Bb2 Bb7 6. Nbd2 Nc6 7. Be2 d5 8. O-O e6 9. Qc1 cxd4 10. Nxd4 Nxd4 11.
Bxd4 e5 12. Bb5+ Kf8 13. Bb2 Ne7 14. f4 d4 15. e4 Rc8 16. Bc4 Bh6 17. fxe5 Rxc4 18.
bxc4 Nc6 19. e6 f6 20. Qe1 Kg7 21. Nf3 Re8 22. Rd1 Be3+ 23. Kh1 Rxe6 24. c3 Rxe4 25. cxd4 Qe7 26. d5 Bd4 27. Qd2 Re2 28. Qd3 Bxb2 29.
dxc6 Bxc6 30. Rde1 Bxf3 31. Rxe2 Bxe2 32. Re1 Bxd3 33.
Rxe7+ Kh6 34. Rxa7 Bxc4 35. Rb7 Bd4 36. a4 Bc5 37. Rc7 f5 38. a5 Bd3 39. axb6 Bxb6 40. Rd7 Be4 41. h3 Be3 42. Re7 Bg5 43. Rd7 Bf4 44.
Re7 g5 45. Rd7 Kg6 46. Ra7 h5 47. Kg1 Be3+ 0-1

[Event "*** MasterClass Titled Tuesday Blitz"]
[Site "Chess.com"]
[Date "2017.12.12"]
[Round "6"]
[White "marreta84"]
[Black "AndrewDGreen"]
[Result "1-0"]
[WhiteElo "2308"]
[BlackElo "2062"]
[TimeControl "180+2"]
[EndTime "14:24:19 PST"]
[Termination "marreta84 won on time"]

1. c4 g6 2. g3 c5 3. Bg2 Bg7 4. Nc3 Nc6 5. e3 d6 6. Nge2 e5 7. a3 Nge7 8. b4 O-O 9. b5 Nb8 10. O-O Nd7 11. d3 Rb8 12. a4 b6 13. d4 exd4 14. exd4 Bb7 15. d5 Ne5 16. Qb3 Bc8 17.
f4 Ng4 18. h3 Nf6 19. Kh2 h5 20. Bb2 Nf5 21. Nd1 Re8 22. Rf2 Qe7 23. Ng1 Bd7 24. Nf3 Ne3 25. Ng5 Nfg4+ 26. hxg4 Nxg4+ 27. Kg1 Bxb2 28. Qxb2 Qe1+ 29. Bf1 Bf5 30. Nf3 Qe4 31. Nc3 Qe3 32. Nd1 Qe4 33. Qd2 Nxf2 34. Qxf2 Bg4 35. Ng5 Qf5 36. Ne3 Qd7 37. Nxg4 Qxg4 38. Re1 Kg7 39.
Bh3 Rxe1+ 40. Qxe1 1-0

[Event "*** MasterClass Titled Tuesday Blitz"]
[Site "Chess.com"]
[Date "2017.12.12"]
[Round "6"]
[White "gemarin"]
[Black "arna"]
[Result "0-1"]
[WhiteElo "1842"]
[BlackElo "2169"]
[TimeControl "180+2"]
[EndTime "14:24:25 PST"]
[Termination "arna won by resignation"]

1. d4 d5 2. c4 e6 3. Nc3 f5 4. g3 c6 5. b3 Nf6 6. Bg2 Bb4 7. Bd2 dxc4 8. e3 cxb3 9. Qxb3 Bd6 10. Nf3 Qb6 11.
O-O Qxb3 12. axb3 Nd5 13. Na4 b6 14. Ng5 Bc7 15. e4 fxe4 16. Bxe4 h6 17. Bg6+ Ke7 18. Ne4 Bb7 19. Nac3 Kd7 20. Na4 Rf8 21. Nb2 Rf3 22.
b4 Na6 23. Nc4 Naxb4 24. Bf4 Nxf4 25. gxf4 Rxf4 26. Rfd1 Rg4+ 27. Kf1 Rxg6 28. Ne5+ Bxe5 29. dxe5+ Nd5 30. Rac1 Rg4 31. Ng3 Ba6+ 32. Kg2 Rf8 33. h3 Ra4 34. Rd4 Rxd4 35. Ra1 Bb7 36. Rxa7 Kc7 37.
Ra2 Rdf4 38. Rb2 b5 39. Nh5 R4f5 40. Ng3 Rxe5 0-1

[Event "*** MasterClass Titled Tuesday Blitz"]
[Site "Chess.com"]
[Date "2017.12.12"]
[Round "6"]
[White "MFBerna"]
[Black "cheese111"]
[Result "0-1"]
[WhiteElo "2264"]
[BlackElo "2425"]
[TimeControl "180+2"]
[EndTime "14:24:25 PST"]
[Termination "cheese111 won by resignation"]

1. e4 e5 2. Nf3 Nc6 3. Bb5 a6 4. Ba4 Nf6 5. O-O b5 6. Bb3 Bc5 7. Re1 O-O 8. c3 d6 9. h3 h6 10.
a4 Rb8 11. d4 Bb6 12. Na3 exd4 13. cxd4 Na5 14. axb5 axb5 15. Ba2 b4 16. Nc4 Nxc4 17. Bxc4 Bb7 18. Bd3 Re8 19. e5 Bxf3 20. Qxf3 Bxd4 21. Bxh6 Rxe5 22. Rxe5 Bxe5 23. Bc1 Qe7 24. g3 c5 25. Ra6 d5 26. b3 Qc7 27. Bg5 c4 28. Bc2 cxb3 29.
Bxb3 Qc3 30. Kg2 Ne4 31. Be3 Qxb3 32. Ra7 Bf6 33. Qf4 Rf8 34. h4 Qc4 35. Qf5 b3 36.
Rb7 b2 37. h5 Qc6 38. Rb3 Qc2 39. Rb6 b1=Q 40. Rxb1 Qxb1 41. f3 Nd2 42. Qxd5 Qf1+ 0-1

[Event "*** MasterClass Titled Tuesday Blitz"]
[Site "Chess.com"]
[Date "2017.12.12"]
[Round "6"]
[White "Bryakin_Mikhail"]
[Black "dolynachess"]
[Result "1-0"]
[WhiteElo "2531"]
[BlackElo "2282"]
[TimeControl "180+2"]
[EndTime "14:24:27 PST"]
[Termination "Bryakin_Mikhail won on time"]

1. b3 Nf6 2. Bb2 g6 3. e4 d6 4.
Nf3 Bg4 5. Be2 Nbd7 6. d3 c5 7.
Nbd2 Bg7 8. h3 Bxf3 9. Bxf3 O-O 10. O-O Re8 11. a4 Nxe4 12. Bxe4 Bxb2 13. Bxb7 Rb8 14. Rb1 Bg7 15. Bf3 Ne5 16. Qe2 Qc7 17. g3 e6 18.
Bg2 d5 19. Nf3 Nc6 20. h4 h5 21. Qd2 Rb4 22. Rfe1 Reb8 23. Ng5 Nd4 24. Nf3 a5 25. Nxd4 cxd4 26. Bf3 Qc3 27. Rbd1 Rc8 28. Re2 Rb7 29. Qg5 Rbc7 30. g4 hxg4 31. Bxg4 Qb4 32. h5 gxh5 33. Qxh5 Qe7 34. Kg2 Rxc2 35. Rh1 Qf6 36. Rhe1 R8c3 37.
Rxc2 Rxc2 38. Bf3 Qh6 39. Qg4 Qf6 40. Qg3 Qf5 41. Qb8+ Bf8 42. Rg1 f6 43. Qa7 Qh7 44.
Qxd4 1-0

[Event "*** MasterClass Titled Tuesday Blitz"]
[Site "Chess.com"]
[Date "2017.12.12"]
[Round "6"]
[White "krzyzan94"]
[Black "GMAkobianSTL"]
[Result "0-1"]
[WhiteElo "2622"]
[BlackElo "2673"]
[TimeControl "180+2"]
[EndTime "14:24:34 PST"]
[Termination "GMAkobianSTL won by resignation"]

1. e4 e6 2. d4 d5 3. Nc3 Bb4 4. e5 c5 5. a3 Bxc3+ 6. bxc3 Ne7 7. Qg4 Kf8 8. Qd1 Qc7 9. Nf3 b6 10. h4 Ba6 11. Bxa6 Nxa6 12. h5 h6 13. Qd3 Nb8 14.
Rh4 Nd7 15. Rf4 Rc8 16. Kd1 Ke8 17. a4 a5 18. Nd2 f6 19. Rg4 fxe5 20. Rxg7 cxd4 21.
Rxe7+ Kxe7 22. Ba3+ Kd8 23. cxd4 exd4 24. Qxd4 Qxc2+ 25. Ke2 Qh7 26. Bd6 Rg8 27. Ra3 Qg7 28.
Qf4 Rc6 29. Rg3 Qh7 30. Rf3 Kc8 31. Ba3 e5 32. Qf7 Qxf7 33. Rxf7 Rxg2 34. Rh7 Nc5 35. Nf3 Ne4 36. Nxe5 Rc2+ 37. Ke3 Rgxf2 38. Kd4 Rfd2+ 39.
Ke3 Rc3+ 40. Kf4 Rf2+ 41. Nf3 Rcxf3+ 42. Ke5 Rxa3 43. Kxd5 Rc3 44. Kxe4 Rc6 45. Kd5 Rfc2 46. Rg7 R2c5+ 0-1

[Event "*** MasterClass Titled Tuesday Blitz"]
[Site "Chess.com"]
[Date "2017.12.12"]
[Round "6"]
[White "Noukii"]
[Black "Fighterman91"]
[Result "1-0"]
[WhiteElo "2612"]
[BlackElo "2492"]
[TimeControl "180+2"]
[EndTime "14:24:34 PST"]
[Termination "Noukii won by checkmate"]

1. d4 Nf6 2. c4 g6 3. Nc3 d5 4. Bg5 Bg7 5. Nf3 Ne4 6. Bh4 Nxc3 7. bxc3 dxc4 8. e3 Be6 9. Be2 O-O 10. O-O c5 11. Rb1 cxd4 12. Nxd4 Bd5 13. Bf3 Nc6 14. Re1 Ne5 15. Bxd5 Qxd5 16. Bxe7 Rfe8 17. Bh4 Nd3 18. Rf1 b6 19. Qa4 f5 20. Rfd1 f4 21. Nc2 Rac8 22.
Nb4 Qe4 23. Nxd3 cxd3 24. Qxe4 Rxe4 25. Rxd3 fxe3 26. Bg3 e2 27. Re3 Rxe3 28. fxe3 Rxc3 29. Kf2 Rc2 30. Kf3 Bc3 31. a4 Ra2 32. Rc1 Bd2 33.
Rc8+ Kf7 34. Kxe2 a5 35. Kd3 Bb4 36. Rc7+ Ke6 37. Rxh7 Rxa4 38. Rh6 Kf7 39. Rh7+ Ke6 40. Rh6 b5 41. Rxg6+ Kd5 42. e4+ Kc5 43. Bf2# 1-0

[Event "*** MasterClass Titled Tuesday Blitz"]
[Site "Chess.com"]
[Date "2017.12.12"]
[Round "6"]
[White "ChainsOfFantasia"]
[Black "LuisFSiles"]
[Result "1-0"]
[WhiteElo "2470"]
[BlackElo "2224"]
[TimeControl "180+2"]
[EndTime "14:24:49 PST"]
[Termination "ChainsOfFantasia won on time"]

1. d4 Nf6 2. Nf3 g6 3. c4 Bg7 4.
Nc3 O-O 5. e4 d6 6. Be2 c5 7.
O-O Nc6 8. d5 Na5 9. Re1 e5 10.
Rb1 b6 11. a3 Nh5 12. b4 Nb7 13. Bg5 f6 14. Be3 Nf4 15. Na4 Bd7 16. bxc5 dxc5 17.
Nc3 Nxe2+ 18. Qxe2 Nd6 19. Nd2 f5 20. f3 f4 21. Bf2 Bf6 22. a4 Bh4 23. Nb5 Bxf2+ 24.
Qxf2 Bxb5 25. axb5 a5 26. bxa6 Rxa6 27. Rb2 g5 28. Reb1 Rf7 29. Qe2 Rb7 30. Nb3 Qd7 31. g4 h5 32. h3 Ra3 33. Qd3 Qa4 34. Rc2 hxg4 35. hxg4 Rh7 36. Qc3 Rh3 37. Qxe5 Nf7 38. Qb8+ Kg7 39. Qxb6 Rxf3 40. e5 Raxb3 41. Qf6+ Kg8 42.
Rxb3 Qxb3 43. Qg6+ Kf8 44. Qe4 Nxe5 45. Qxe5 Rg3+ 46.
Rg2 1-0

[Event "*** MasterClass Titled Tuesday Blitz"]
[Site "Chess.com"]
[Date "2017.12.12"]
[Round "6"]
[White "SantoBlue"]
[Black "windking123"]
[Result "0-1"]
[WhiteElo "2574"]
[BlackElo "2385"]
[TimeControl "180+2"]
[EndTime "14:24:52 PST"]
[Termination "windking123 won by resignation"]

1. e4 e5 2. Nf3 Nc6 3. Bb5 Nf6 4. d3 Bc5 5. O-O d6 6. c3 O-O 7. Nbd2 Bb6 8. Nc4 Ne7 9. Nxb6 axb6 10. d4 Ng6 11. dxe5 dxe5 12. Qxd8 Rxd8 13. Bg5 Rd6 14. Rfe1 Bg4 15. Nd2 h6 16. Be3 Be6 17. a3 Ng4 18. Nf1 Bb3 19. Bd2 Rad8 20. Bc1 Nf4 21. h3 c6 22.
Bxf4 exf4 23. hxg4 cxb5 24. e5 Rd3 25. f3 g5 26. Re4 Rd1 27. Re1 R1d3 28. Kf2 Kg7 29. Re4 Rd1 30. Re1 Rxa1 31. Rxa1 Rd5 32. Re1 Bc4 33. g3 Bxf1 34. Kxf1 fxg3 35. Kg2 Rd2+ 36. Kxg3 Rxb2 37. e6 Kf8 38. exf7 Kxf7 39. Rh1 Kg6 40.
Rd1 Rc2 41. Rd3 Ra2 42. Rd6+ Kg7 43. Rd7+ Kg6 44. Rd6+ Kg7 45. Rxb6 Rxa3 46. Rxb7+ Kg6 47. Rc7 Rb3 48. Kf2 b4 49. Rc6+ Kg7 50. c4 Rc3 51. Ke2 b3 52. c5 b2 53. Rb6 Rxc5 54. Rxb2 Rc3 55. Rb6 Ra3 56. Rd6 Kh7 57. Rf6 Kg7 58. Re6 Rb3 59. Rd6 Ra3 60. Kf2 Rb3 61. Re6 Ra3 62. Re3 Rxe3 63. Kxe3 Kg6 64. Ke4 h5 65.
Ke5 h4 66. f4 h3 0-1

[Event "*** MasterClass Titled Tuesday Blitz"]
[Site "Chess.com"]
[Date "2017.12.12"]
[Round "6"]
[White "MartinZumsande"]
[Black "Msb2"]
[Result "0-1"]
[WhiteElo "2461"]
[BlackElo "2663"]
[TimeControl "180+2"]
[EndTime "14:25:07 PST"]
[Termination "Msb2 won by resignation"]

1. e4 e6 2. d4 d5 3. Nc3 Nf6 4. Bg5 dxe4 5. Nxe4 Be7 6. Bxf6 Bxf6 7. Nf3 Nd7 8. Qd2 Be7 9. O-O-O O-O 10. h4 c5 11.
h5 Qc7 12. Kb1 Rd8 13. h6 g6 14. Qc3 Nf6 15. Bd3 Nd5 16. Qb3 cxd4 17. Nxd4 Qb6 18.
Qxb6 Nxb6 19. Nf3 Bd7 20. Ne5 Be8 21. Ng4 f5 22. Nef6+ Kf7 23. Nxe8 Kxe8 24. Ne5 Bf6 25. f4 Ke7 26. Rhe1 Rd4 27. g3 Rad8 28. c3 R4d6 29.
Kc2 Bxe5 30. Rxe5 Nd7 31. Rb5 b6 32. Be2 Rxd1 33. Bxd1 Kf6 34. a4 g5 35. Bh5 Nc5 36.
a5 Ne4 37. axb6 axb6 38. Rxb6 Nxg3 39. fxg5+ Kxg5 40. Bf7 e5 41. b4 f4 42. Bc4 e4 43.
Rb7 Kxh6 44. Rf7 f3 45. b5 Kg6 46. b6 Nf5 47. Rc7 Ne3+ 48. Kb3 Nxc4 49. Rxc4 f2 50. Rxe4 f1=Q 0-1

[Event "*** MasterClass Titled Tuesday Blitz"]
[Site "Chess.com"]
[Date "2017.12.12"]
[Round "6"]
[White "filali-oujda"]
[Black "pedromartinez91"]
[Result "0-1"]
[WhiteElo "2358"]
[BlackElo "2217"]
[TimeControl "180+2"]
[EndTime "14:25:14 PST"]
[Termination "pedromartinez91 won by resignation"]

1. e4 c5 2. Nf3 Nc6 3. c4 g6 4. Nc3 Bg7 5. d3 d6 6. h3 Nf6 7. Be3 a6 8. Qd2 Rb8 9. Rc1 b5 10. b3 b4 11. Nd5 e6 12. Nxf6+ Bxf6 13. d4 cxd4 14. Nxd4 Bb7 15. Be2 Nxd4 16. Bxd4 e5 17. Ba7 Ra8 18. Be3 Bxe4 19. f3 Bh4+ 20. Kf1 Bc6 21.
Qxb4 O-O 22. Rd1 Be7 23. h4 a5 24. Qc3 Qc8 25. c5 Rd8 26. h5 Bb7 27. hxg6 hxg6 28. Rc1 Ba6 29. c6 Bxe2+ 30. Kxe2 Qa6+ 31. Kf2 Rac8 32. Rh3 Bf6 33. f4 Re8 34. a4 d5 35.
fxe5 Rxe5 36. Qd2 Rxc6 37. Rxc6 Qxc6 38. Kg1 Qe6 39. Bf2 Re2 40. Qxa5 d4 41. Qa8+ Qe8 42. Qxe8+ Rxe8 43. Rd3 Rd8 44. Kf1 Kf8 45. Ke2 Ke7 46. Rf3 Ke6 47. Kd3 Rb8 48. Kc4 Be5 49. Rc3 dxc3 50.
b4 c2 0-1

[Event "*** MasterClass Titled Tuesday Blitz"]
[Site "Chess.com"]
[Date "2017.12.12"]
[Round "6"]
[White "Vahe_Dan"]
[Black "Salem-AR"]
[Result "1-0"]
[WhiteElo "2579"]
[BlackElo "2814"]
[TimeControl "180+2"]
[EndTime "14:25:17 PST"]
[Termination "Vahe_Dan won on time"]

1. e4 c5 2. Nc3 d6 3. g3 Nc6 4. Bg2 g6 5. Nge2 Bg7 6. d3 e6 7. O-O Nge7 8. Be3 Nd4 9. Rb1 O-O 10.
b4 Rb8 11. bxc5 dxc5 12. f4 b6 13. e5 Nef5 14. Bf2 Bb7 15. Ne4 Qe7 16. c3 Nxe2+ 17. Qxe2 Rfd8 18. Rfd1 Qc7 19. Rb2 Bxe4 20. dxe4 Rxd1+ 21. Qxd1 Rd8 22. Rd2 Rxd2 23. Qxd2 Ne7 24. Bf1 Bf8 25. a4 Qc6 26. Qc2 c4 27. Qe2 Qxa4 28. Qxc4 Qxc4 29. Bxc4 g5 30. Kg2 gxf4 31. gxf4 Bh6 32.
Kf3 Kf8 33. Bb5 Ng6 34. Bg3 Bg7 35. Kg4 Ke7 36. h4 Kd8 37. h5 Nf8 38. Bh4+ Kc7 39. Be8 a5 40. Bxf7 Kd7 41. f5 a4 42. fxe6+ Nxe6 43. Kf5 Nc7 44. e6+ Kc6 45. e7 Kd7 46. e5 a3 47. Bf6 Ne8 48. Be6+ Kc7 49. Ba2 Kd7 50.
Bxg7 Nxg7+ 51. Kf6 Ne8+ 52. Kf7 Nc7 53. e6+ Kd6 54. e8=Q Nxe8 55. Kxe8 1-0

[Event "*** MasterClass Titled Tuesday Blitz"]
[Site "Chess.com"]
[Date "2017.12.12"]
[Round "6"]
[White "Keaton87"]
[Black "robbykevlishvili"]
[Result "1-0"]
[WhiteElo "2517"]
[BlackElo "2455"]
[TimeControl "180+2"]
[EndTime "14:25:26 PST"]
[Termination "Keaton87 won by resignation"]

1. d4 Nf6 2. Bg5 Ne4 3. Bf4 d5 4. f3 Nf6 5. e4 e6 6. e5 Nfd7 7. Be3 c5 8. c3 Nc6 9. f4 Qb6 10. Qd2 cxd4 11. cxd4 Bb4 12. Nc3 Na5 13. Nf3 O-O 14. Bd3 f5 15. exf6 Nxf6 16. O-O Bd7 17. Ne5 Rac8 18. Rac1 Nc4 19. Bxc4 dxc4 20. d5 Bc5 21.
Nxc4 Bxe3+ 22. Nxe3 exd5 23. Rcd1 d4 24. Qxd4 Qxb2 25.
Ncd5 Qxd4 26. Rxd4 Nxd5 27. Nxd5 Rf7 28. a4 Bc6 29. Ne3 Re8 30. Kf2 g5 31. f5 Re5 32.
g4 h5 33. h3 hxg4 34. hxg4 Kg7 35. Re1 Kf6 36. Nc2 Rxe1 37. Nxe1 Ke5 38. Rc4 Rh7 39.
Nf3+ Kf6 40. Rd4 Rh3 41. Nd2 Ke5 42. Rb4 Kd5 43. Nf3 Kc5 44. Rb3 Bd5 45. Re3 Bxf3 46.
Rxf3 Rh7 47. f6 Rf7 48. Rf5+ Kd4 49. Kf3 b6 50. Kf2 Ke4 51. Ke2 a6 52. Kd2 b5 53.
axb5 axb5 54. Kc3 Ke3 55. Kb4 Ke4 56. Kxb5 Kd4 57. Kc6 Ke4 58. Kd6 1-0

[Event "*** MasterClass Titled Tuesday Blitz"]
[Site "Chess.com"]
[Date "2017.12.12"]
[Round "6"]
[White "marianokar"]
[Black "Quiet_Desperation"]
[Result "0-1"]
[WhiteElo "2293"]
[BlackElo "2374"]
[TimeControl "180+2"]
[EndTime "14:25:46 PST"]
[Termination "Quiet_Desperation won by resignation"]

1. d4 Nf6 2. Nf3 e6 3. c4 Bb4+ 4. Nbd2 b6 5. a3 Bxd2+ 6. Qxd2 Bb7 7. e3 O-O 8. Be2 d6 9. b4 Nbd7 10. Bb2 Ne4 11. Qc2 f5 12. O-O Qe7 13. d5 e5 14.
Bd3 Ndf6 15. Ne1 g6 16. f3 Ng5 17. f4 Nge4 18. Bxe4 Nxe4 19. fxe5 dxe5 20. Nf3 Nf6 21. Nxe5 Rae8 22. Bd4 Nd7 23. Nxd7 Qxd7 24. Rf4 c6 25. dxc6 Qxc6 26. Rc1 Re7 27. c5 b5 28. Re1 Rfe8 29. Qd2 Qd5 30. Rf2 Bc6 31. h3 Qe4 32. Bb2 Kf7 33. Qc3 Re5 34. Qd4 Qxd4 35. Bxd4 Re4 36.
Ref1 Ke6 37. Kh2 Kd5 38. Rc2 Ke6 39. Kg3 h6 40. Rf4 Kd5 41. Rxe4 Rxe4 42. Kf2 g5 43. Bg7 h5 44. Rd2+ Kc4 45. Rd6 Bd5 46. c6 Re8 47. c7 Rc8 48. Rd7 Bb7 49. Be5 g4 50.
h4 Kb3 51. Rd3+ Kc4 52. Rc3+ Kd5 53. Bf4 Ke4 54. g3 Kd5 55. Ke2 a6 56. Kd3 Ke6 57.
Kd4 Be4 58. Kc5 Kd7 59. Rd3+ Bxd3 60. Kb6 Bc4 61. Kxa6 Kc6 62. Ka7 Rxc7+ 63. Bxc7 Kxc7 64. Ka6 Kc6 65. Ka5 Kd5 66. a4 bxa4 67. Kxa4 Ke4 68.
b5 Bxb5+ 0-1

[Event "*** MasterClass Titled Tuesday Blitz"]
[Site "Chess.com"]
[Date "2017.12.12"]
[Round "6"]
[White "ST-Sandavagur"]
[Black "Vamostodorecto"]
[Result "1-0"]
[WhiteElo "2490"]
[BlackElo "2331"]
[TimeControl "180+2"]
[EndTime "14:25:49 PST"]
[Termination "ST-Sandavagur won by resignation"]

1. e4 e5 2. Nf3 Nc6 3. Bc4 Nf6 4. d3 Be7 5. c3 O-O 6. Bb3 d6 7. Nbd2 Kh8 8. h3 a6 9. Nf1 d5 10. Qe2 d4 11. g4 Be6 12. Bxe6 fxe6 13. Ng3 Bc5 14.
Bg5 Qd6 15. O-O Rf7 16. Nd2 Raf8 17. Nc4 Qd7 18. Nh1 h6 19. Bh4 Nh7 20. Nd2 Be7 21. Bg3 Ng5 22. Kg2 Nf3 23. Nxf3 Rxf3 24. Rad1 Bc5 25.
Qxf3 Rxf3 26. Kxf3 Bd6 27. Kg2 Ne7 28. f4 exf4 29. Bxf4 Bxf4 30. Rxf4 Ng6 31. Rf2 e5 32. Ng3 Nf4+ 33. Kh2 Qa4 34. b3 Qc6 35. cxd4 Qc3 36.
dxe5 Nxd3 37. e6 Qc5 38. Rfd2 Nf4 39. e7 Qxe7 40. Re1 Qe5 41. Re3 c6 42. Rf2 Nd5 43. Ree2 Nc3 44. Re3 Nd5 45. Re1 Nf4 46. Ref1 g5 47.
Rd1 Qe7 48. Rfd2 Ne6 49. e5 Qf7 50. Rf1 Qc7 51. Rd6 Nf4 52. Rfd1 Qe7 53. Rd8+ Kg7 54. R8d7 Kf7 55. Rxe7+ Kxe7 56. Rd6 h5 57. Nf5+ Kf7 58. Rf6+ 1-0

[Event "*** MasterClass Titled Tuesday Blitz"]
[Site "Chess.com"]
[Date "2017.12.12"]
[Round "6"]
[White "daro94"]
[Black "platy3"]
[Result "1/2-1/2"]
[WhiteElo "2659"]
[BlackElo "2598"]
[TimeControl "180+2"]
[EndTime "14:25:51 PST"]
[Termination "Game drawn by repetition"]

1. d4 Nf6 2. Nf3 g6 3. Bf4 d6 4. e3 Nh5 5. Bg5 h6 6. Bh4 g5 7.
Nfd2 Ng7 8. Bg3 Nf5 9. c4 h5 10. h3 Nxg3 11. fxg3 c5 12. Nc3 Nc6 13. dxc5 dxc5 14.
Nde4 Qa5 15. Be2 h4 16. O-O Bh6 17. Qd5 Be6 18. Qxc5 g4 19. Nb5 Rc8 20. Bxg4 Bxg4 21. hxg4 hxg3 22. g5 Bg7 23. Rxf7 Be5 24. Raf1 Qb6 25.
Qxb6 axb6 26. g6 Kd7 27. Nbc3 Rcg8 28. Nd5 Rxg6 29. Nxb6+ Kc7 30. Nd5+ Kb8 31. Rf8+ Rxf8 32. Rxf8+ Ka7 33. b4 e6 34. Nf4 Bxf4 35. exf4 Nxb4 36. a3 Nc2 37. a4 Ne3 38. c5 Nd5 39. Kf1 Ne3+ 40.
Kg1 Nd5 41. Kf1 Ne3+ 42. Kg1 Rg4 43. Rf7 Nd5 44. Nd6 Rxf4 45. Rxb7+ Ka6 46. Rb8 Ka7 47. Rb7+ Ka6 48. Rb8 Ka7 49. Rb3 Rxa4 50. Rxg3 Ra1+ 51. Kh2 Rc1 52. Ra3+ Kb8 53. Ra5 Kc7 54. g4 Kc6 55.
Ne4 Rc4 56. Ra6+ Kd7 57. Ra7+ Kc6 58. Ra6+ Kd7 59. Ra7+ Kc6 60. Ra6+ Kd7 1/2-1/2

[Event "*** MasterClass Titled Tuesday Blitz"]
[Site "Chess.com"]
[Date "2017.12.12"]
[Round "6"]
[White "Kacparov"]
[Black "Penguininja"]
[Result "1-0"]
[WhiteElo "2587"]
[BlackElo "2406"]
[TimeControl "180+2"]
[EndTime "14:25:53 PST"]
[Termination "Kacparov won by resignation"]

1. e4 e5 2. Nf3 Nc6 3. Nc3 Nf6 4.
Bb5 Bb4 5. O-O O-O 6. d3 Bxc3 7.
bxc3 d6 8. Bg5 Qe7 9. Re1 Nd8 10. d4 Ne6 11. Bc1 Rd8 12. h3 Nf8 13. a4 a6 14. Bf1 Ng6 15. a5 Be6 16. Rb1 Rab8 17. Ba3 Qe8 18. Qc1 h6 19. g3 Qa4 20. Bb4 Qd7 21. Kh2 Qe8 22. d5 Bd7 23. c4 Qf8 24. Qa3 Ne8 25. c5 f5 26. Nd2 f4 27. Bg2 Bc8 28. Rb2 h5 29. h4 Qf6 30. Nf3 Qe7 31. Ng5 Nf6 32. Kg1 Bg4 33. c4 Nh7 34. cxd6 cxd6 35.
Nxh7 Kxh7 36. c5 dxc5 37. Bxc5 Qf6 38. Ba7 Rbc8 39. Rxb7 Rc2 40. Rb6 Qf7 41. Rxa6 Ra8 42. Qd3 Ra2 43. Bb6 Rc8 44. Ra7 Qf6 45. d6 Rcc2 46.
d7 fxg3 47. Qxg3 Rd2 48. d8=Q Rxd8 49. Bxd8 Qxd8 50. a6 Qb6 51. Ra8 Rxa6 52. Rxa6 Qxa6 53. Bh3 Bxh3 54. Qxh3 Qf6 55. Qf5 Qxh4 56. Re3 Kh6 57.
Qe6 Qg4+ 58. Qxg4 hxg4 59. Ra3 Kg5 60. Ra7 Kf6 61. Kg2 Nf4+ 62. Kg3 Nd3 63. Rc7 g6 64. Rc3 Nb4 65. Kxg4 Ke6 66. Rc4 Nd3 67. Rc6+ Kf7 68. Kg5 Nxf2 69. Rf6+ Ke7 70. Rxf2 1-0